 Dungeon Crawl Stone Soup version 0.25-a0-576-g50b708a4c4 (webtiles) character file.

Game seed: 13110932362070293258, levelgen mode: deterministic

4965 Eurus the Destroyer (level 10, -9/73 HPs)
             Began as a Human Conjurer on Mar 1, 2020.
             Was an Initiate of Ashenzari.
             Blown up by an orc warrior (31 damage)
             ... with a disintegration bolt
             ... on level 9 of the Dungeon.
             The game lasted 00:36:11 (10547 turns).

Eurus the Destroyer (Human Conjurer)               Turns: 10547, Time: 00:36:11

Health: -9/73      AC: 11    Str:  8    XL:     10   Next: 82%
Magic:  21/21      EV: 13    Int: 19    God:    Ashenzari [......]
Gold:   475        SH:  0    Dex: 14    Spells: 16/23 levels left

rFire    . . .     SeeInvis .   r - staff of cold (curse)
rCold    + + .     Gourm    .   (no shield)
rNeg     . . .     Faith    .   o - +0 leather armour (curse)
rPois    .         Spirit   .   (no helmet)
rElec    .         Reflect  .   (no cloak)
rCorr    .         Harm     .   (no gloves)
MR       .....                  e - +1 pair of boots (curse)
Stlth    ++........             (no amulet)
HPRegen  0.22/turn              l - ring of protection from cold
MPRegen  0.17/turn              t - +6 ring of protection (curse)

@: no status effects
A: no striking features
a: Curse Item, Renounce Religion


You were on level 9 of the Dungeon.
You worshipped Ashenzari.
Ashenzari was noncommittal.
You were not hungry.

You visited 2 branches of the dungeon, and saw 10 of its levels.
You also visited: Ossuary.

You collected 475 gold pieces.

Inventory:

Hand Weapons
 p - a +3 trident of venom
Armour
 e - a cursed +1 pair of boots (worn)
 o - a cursed +0 leather armour (worn)
 A - a cursed +0 kite shield
 C - +0 steam dragon scales
Magical Staves
 r - a cursed staff of cold (weapon)
Jewellery
 l - a ring of protection from cold (left hand)
 t - a cursed +6 ring of protection (right hand)
 v - an uncursed ring of fire
Wands
 a - a wand of random effects (21)
 h - a wand of digging (8)
 w - a wand of polymorph (11)
 x - a wand of iceblast (11)
Scrolls
 b - 3 scrolls of amnesia
 f - 4 scrolls of teleportation
 j - 6 scrolls of identify
 k - 2 scrolls of remove curse
 q - a scroll of fear
 y - a scroll of immolation {unknown}
 z - 3 scrolls of enchant weapon {unknown}
 B - a scroll of magic mapping {unknown}
Potions
 d - a potion of cancellation
 g - 9 potions of curing
 i - a potion of haste
 m - 2 potions of resistance
 n - 2 potions of stabbing
 s - a potion of invisibility
 u - 2 potions of heal wounds
 D - a potion of degeneration {unknown}
Comestibles
 c - 9 rations


   Skills:
 - Level 4.3 Fighting
 - Level 4.4 Armour
 - Level 4.4 Dodging
 - Level 2.0 Stealth
 * Level 4.0 Shields
 * Level 7.4 Spellcasting
 * Level 8.9 Conjurations
 + Level 5.5 Translocations


You had 16 spell levels left.
You knew the following spells:

 Your Spells              Type           Power        Failure   Level  Hunger
a - Magic Dart            Conj           ####         1%          1    None
b - Searing Ray           Conj           #####.       1%          2    None
c - Iskenderun's Mystic   Conj/Tloc      ####....     7%          4    ###....

Your spell library contained the following spells:

 Spells                   Type           Power        Failure   Level  Hunger
 Dazzling Flash           Conj/Hex       ###...       6%          3    #......
 Fulminant Prism          Conj/Hex       ###.......   22%         4    ###....


Dungeon Overview and Level Annotations

Branches:
Dungeon (9/15)             Temple (1/1) D:7            Lair (0/6) D:9
Ossuary (visited)
    Orc: D:9-12

Altars:
Ashenzari
Cheibriados
Dithmenos
Elyvilon
Fedhas
Gozag
Hepliaklqana
Kikubaaqudgha
Nemelex Xobeh
Okawaru
Qazlal
Ru
Sif Muna
Trog
Uskayaw
Vehumet
Wu Jian
Xom
Yredelemnul
Zin
The Shining One

Shops:
D:4 (   D:7 }


Message History

The searing ray hits the scorpion!
You kill the scorpion! (Press . to maintain the ray.)
You start resting.
Magic restored.
Found 18 gold pieces.
Found a stone staircase leading down.
You now have 475 gold pieces (gained 18).
There is a stone staircase leading down here.
Casting: Searing Ray (safe; 1% risk of failure)
Confirm with . or Enter, or press ? or * to list all spells.
Aiming: Magic Dart (safe; 1% risk of failure)
Press: ? - help, Shift-Dir - straight line, f - orc warrior
Aim: an orc warrior, wielding a +0 war axe, wearing a +0 plate armour and carrying a wand of disintegration (9) (hasn't noticed you)
The magic dart hits the orc warrior but does no damage.
Found 9 gold pieces and 2 scrolls labeled GUREDU YSINYL.
The orc warrior zaps a wand.
You are blasted!
The orc warrior zaps a wand.
You are blasted!
The orc warrior zaps a wand.
You are blasted!
You die...

#..........######..
###..............).[.
+.......##.#.######..
#+###.###.##.#.######.. .. #.
#.###.##.#.#.......
##.###.###.#.#.##.[...####.#
+....?............<....# #..
##..............##.)....###.#
$...........@....#....#.....#
................#####...#####
..#......#.....## ##..#####
............#.## #.......
#......#############.######
#...#o##.### #.......#
#.##..##...###.#######
#.....##.>##.....# #.....
#..##.#####


You could see an orc warrior.

Vanquished Creatures
  Joseph (D:8)
  Psyche (D:8)
  Maggie (D:8)
  Prince Ribbit (D:7)
  2 hippogriffs
  A sky beast (D:7)
  An ice beast (D:6)
  An orc warrior (D:9)
  A phantom (D:3)
  4 centaurs
  4 ogres
  A big kobold (D:8)
  3 bullfrogs
  3 elf zombies
  2 gnoll sergeants (D:7)
  An elf skeleton (D:5)
  A water moccasin zombie (D:6)
  4 scorpions
  3 howler monkeys
  3 crimson imps
  2 bullfrog zombies (D:6)
  4 hounds
  2 centaur zombies (Ossuary)
  A human zombie (Ossuary)
  3 orc priests
  A jelly (D:5)
  2 centaur skeletons
  7 orc wizards
  A human skeleton (D:5)
  An iguana (D:8)
  6 worker ants
  A killer bee zombie (D:6)
  A big kobold zombie (Ossuary)
  A hound skeleton (D:8)
  2 mummies (Ossuary)
  3 worker ant zombies
  A howler monkey skeleton (D:9)
  4 gnolls (D:7)
  12 adders
  An ooze (D:2)
  4 adder zombies
  2 worms
  3 dart slugs
  5 leopard geckos
  27 orcs
  3 ball pythons
  11 bats
  5 giant cockroaches
  9 hobgoblins
  14 jackals
  6 quokkas
  7 frilled lizards
  14 goblins
  8 hobgoblin zombies (Ossuary)
  3 jackal skeletons
  2 jackal zombies
  16 kobolds
  12 kobold zombies (Ossuary)
  A leopard gecko skeleton (D:4)
  An orc skeleton (D:5)
  9 orc zombies
  A quokka skeleton (D:5)
  14 rats
  A rat zombie (Ossuary)
  A spectral orc (D:4)
274 creatures vanquished.

Notes
Turn   | Place    | Note
-------+----------+-------------------------------------------
     0 | D:1      | Eurus the Human Conjurer began the quest for the Orb.
     0 | D:1      | Reached XP level 1. HP: 13/13 MP: 3/3
   219 | D:1      | Reached XP level 2. HP: 14/19 MP: 3/5
   223 | D:1      | Learned a level 2 spell: Searing Ray
   552 | D:1      | Reached XP level 3. HP: 25/25 MP: 1/6
   916 | D:2      | Reached skill level 1 in Fighting
   916 | D:2      | Reached skill level 1 in Armour
   926 | D:2      | Found a faded altar of an unknown god.
  1014 | D:2      | Reached XP level 4. HP: 30/32 MP: 8/8
  1292 | D:2      | Found an iron altar of Okawaru.
  1467 | D:2      | Found a hazy altar of Hepliaklqana.
  1692 | D:3      | Reached XP level 5. HP: 35/37 MP: 9/9
  2179 | D:3      | Found a stormy altar of Qazlal.
  2180 | D:3      | Found a shimmering altar of Xom.
  2180 | D:3      | Found a hide-covered altar of Uskayaw.
  2750 | D:3      | Reached skill level 5 in Conjurations
  2750 | D:3      | Reached XP level 6. HP: 41/44 MP: 8/11
  2764 | D:4      | Noticed a phantom
  2807 | D:3      | Killed a phantom
  3169 | D:4      | Found a basalt altar of Yredelemnul.
  3274 | D:4      | Found Wougeuw's Weapon Boutique.
  3375 | D:4      | Reached XP level 7. HP: 44/50 MP: 13/13
  3988 | D:5      | Entered Level 5 of the Dungeon
  3999 | D:5      | Reached skill level 6 in Conjurations
  4014 | D:5      | Learned a level 4 spell: Iskenderun's Mystic Blast
  4236 | D:5      | Reached XP level 8. HP: 53/57 MP: 10/15
  4491 | D:5      | Reached skill level 1 in Translocations
  4517 | D:5      | Reached skill level 5 in Spellcasting
  4528 | D:5      | Found a sand-covered staircase.
  4534 | Ossuary  | Entered an ossuary
  5954 | D:6      | Reached XP level 9. HP: 48/64 MP: 8/17
  6122 | D:6      | Reached skill level 7 in Conjurations
  7263 | D:7      | Found Quhoant's Gadget Shoppe.
  7751 | D:7      | Noticed a hippogriff
  7865 | D:7      | Found a white marble altar of Elyvilon.
  8257 | D:7      | Found a staircase to the Ecumenical Temple.
  8267 | Temple   | Entered the Ecumenical Temple
  8326 | Temple   | Became a worshipper of Ashenzari the Shackled
  8419 | D:7      | Found an iron altar of Okawaru.
  8432 | D:8      | Noticed Joseph
  8452 | D:8      | Noticed Psyche
  8452 | D:8      | Noticed Prince Ribbit
  8753 | D:7      | Killed Prince Ribbit
  8753 | D:7      | Reached skill level 1 in Shields
  8753 | D:7      | Reached XP level 10. HP: 52/73 MP: 11/19
  8967 | D:8      | Killed Joseph
  8967 | D:8      | Reached skill level 8 in Conjurations
  8967 | D:8      | Reached skill level 5 in Translocations
  9433 | D:8      | Noticed Maggie
  9442 | D:8      | Killed Maggie
  9583 | D:8      | Found a snail-covered altar of Cheibriados.
  9733 | D:8      | Killed Psyche
 10133 | D:9      | Found a staircase to the Lair.
 10547 | D:9      | Blown up by an orc warrior

Levels and vault maps discovered:
D:1:      grunt_arrival_crossed_arrows, layout_basic, minmay_small_reverse_x
D:2:      layout_basic, okawaru_trees_2, nicolae_overflow_hidden_temple,
          chequers_ecumenical_altar_simple_redux
D:3:      minmay_bubble_buster, layout_rooms,
          chequers_temple_overflow_statue_of_worship, first_ration,
          chequers_arboretum
D:4:      layout_basic, yredelemnul_forgotten_temple_becter, serial_shops,
          nicolae_shop_behind_doors, guppyfry_early_lair_pool
D:5:      wander_river, layout_basic, nicolae_ossuary_entry_catacombs
D:6:      layout_loops_ring
D:7:      layout_cave_pools, elyvilon_altar_3, minmay_temple_entry_stoned_glass,
          serial_gnoll_camp, gnoll_camp_mini_hut, gnoll_camp_mini_hut,
          gnoll_camp_mini_doghouse, gnoll_camp_mini_hut, serial_shops,
          kennysheep_little_box, lemuel_tele_altar
D:8:      layout_loops_cross, cheibrodos_worm_habitat, uniq_psyche,
          uniq_prince_ribbit1, uniq_maggie, uniq_joseph
D:9:      layout_loops_ring, lemuel_doored_altar, lair_entry_dummy, orc_david_3,
          the_bakery, kennysheep_decorative_pillar, st_stairs_7
Temple:   cyrus_circular_temple

Skill      XL: |  1  2  3  4  5  6  7  8  9 10 |
---------------+-------------------------------+-----
Fighting       | 1 2 3 4 |  4.3
Armour         | 1 2 3 4 |  4.4
Spellcasting   | 3 4 5 6 7 |  7.4
Conjurations   | 5 6 7 8 |  8.9
Translocations | 2 4 5 |  5.5
Dodging        | 4 |  4.4
Shields        | 1 4 |  4.0
Stealth        | |  2.0

Action                   |  1- 3 |  4- 6 |  7- 9 | 10-12 || total
-------------------------+-------+-------+-------+-------++-------
Melee: Short sword       |    62 |   112 |       |       ||   174
       Trident           |       |    69 |   157 |       ||   226
       Staff             |       |       |    70 |    26 ||    96
 Cast: Magic Dart        |    30 |    19 |   121 |    35 ||   205
       Searing Ray       |     1 |     7 |    55 |    29 ||    92
Invok: Curse Item        |       |       |       |     2 ||     2
  Use: Potion            |       |     1 |       |       ||     1
       Scroll            |       |       |    13 |       ||    13
 Stab: Sleeping          |     5 |     4 |     6 |     1 ||    16
  Eat: Chunk             |     1 |     8 |    13 |     6 ||    28
       Ration            |       |       |     1 |       ||     1
Armor: Robe              |    13 |    35 |    73 |       ||   121
       Leather armour    |       |       |    45 |    24 ||    69
Dodge: Dodged            |    34 |   138 |   183 |    48 ||   403

Table legend:
 A = Non-vault XP
 B = Vault XP
 C = Vault XP percentage of total XP
 D = Non-vault monster count
 E = Vault monster count
 F = Vault count percentage of total count
                 A         B        C        D         E       F
            +---------+---------+-------+---------+---------+-------
      Total |    4426 |    2668 |  37.6 |     197 |      77 |  28.1
            +---------+---------+-------+---------+---------+-------
        D:1 |      31 |       6 |  16.2 |      21 |       4 |  16.0
        D:2 |      86 |       0 |   0.0 |      28 |       0 |   0.0
        D:3 |     301 |      31 |   9.3 |      42 |      11 |  20.8
        D:4 |     328 |      14 |   4.1 |      17 |       2 |  10.5
        D:5 |     324 |     315 |  49.3 |      12 |       6 |  33.3
        D:6 |     869 |      43 |   4.7 |      31 |       1 |   3.1
        D:7 |    1026 |     555 |  35.1 |      16 |       9 |  36.0
        D:8 |     718 |    1341 |  65.1 |      11 |       4 |  26.7
        D:9 |     743 |      34 |   4.4 |      19 |       1 |   5.0
    Ossuary |       0 |     329 | 100.0 |       0 |      39 | 100.0
            +---------+---------+-------+---------+---------+-------
